 Dungeon Crawl Stone Soup version 0.23-a0-29-g1be82e5 (webtiles) character file.

2256 Supahsalami the Protected (level 9, -2/55 HPs)
             Began as a Gargoyle Fighter on Aug 3, 2018.
             Was a Follower of Okawaru.
             Killed by divine providence
             ... invoked by an orc priest
              (13 damage)
             ... on level 6 of the Dungeon.
             The game lasted 00:14:00 (6290 turns).

Supahsalami the Protected (Gargoyle Fighter)        Turns: 6290, Time: 00:14:01

Health: -2/55      AC: 17    Str: 22    XL:     9   Next: 37%
Magic:  9/9        EV:  8    Int: 10    God:    Okawaru [*.....]
Gold:   224        SH: 10    Dex:  9    Spells: 8/8 levels left

rFire    . . .     SeeInvis +   r - +2 hand axe (elec)
rCold    . . .     Gourm    .   c - +0 shield
rNeg     + . .     Faith    .   b - +0 scale mail
rPois    ∞         Spirit   .   o - +1 hat
rElec    +         Reflect  .   w - +0 cloak
rCorr    .         Harm     .   (no gloves)
MR       .....                  (no boots)
Stlth    ..........             (no amulet)
HPRegen  0.18/turn              x - ring of see invisible
MPRegen  0.11/turn              y - ring of poison resistance

@: no status effects
A: negative energy resistance 1, electricity resistance, unbreathing,
petrification resistance, rot immunity, AC +6
a: Heroism, Renounce Religion


You were on level 6 of the Dungeon.
You worshipped Okawaru.
Okawaru was aware of your devotion.
You were not hungry.

You visited 2 branches of the dungeon, and saw 7 of its levels.

You collected 224 gold pieces.

Inventory:

Hand Weapons
 a - a +0 flail
 r - a +2 hand axe of electrocution (weapon)
Missiles
 s - 3 javelins of returning (quivered)
 u - 2 tomahawks
Armour
 b - a +0 scale mail (worn)
 c - a +0 shield (worn)
 o - a +1 hat (worn)
 w - a +0 cloak (worn)
Jewellery
 x - a ring of see invisible (left hand)
 y - a ring of poison resistance (right hand)
 z - a cursed ring of teleportation {unknown}
 F - a cursed ring of resist corrosion {unknown}
Wands
 B - a wand of flame (30)
 D - a wand of clouds (4)
Scrolls
 e - a scroll of fear {unknown}
 j - 3 scrolls of amnesia {unknown}
 k - 2 scrolls of remove curse
 l - 3 scrolls of teleportation
 m - 2 scrolls of fog {unknown}
 n - a scroll of enchant armour {unknown}
 v - a scroll of magic mapping {unknown}
 A - 2 scrolls of identify
 C - a scroll of silence {unknown}
Potions
 d - 5 potions of might
 g - 3 potions of curing
 h - a potion of invisibility
 i - 2 potions of haste
 p - 3 potions of degeneration
 q - 2 potions of flight
 t - 5 potions of lignification
Comestibles
 f - 7 rations
 E - 7 chunks of flesh


   Skills:
 + Level 6.3 Fighting
 * Level 7.3 Maces & Flails
 * Level 8.4 Armour
 + Level 6.3 Shields
 + Level 1.0 Invocations


You had 8 spell levels left.
You didn't know any spells.
Your spell library contained the following spells:

 Spells                   Type           Power        Failure   Level  Hunger
 Apportation              Tloc           #.....       95%         1    ##.....
 Summon Small Mammal      Summ           #...         95%         1    ##.....
 Animate Skeleton         Necr           N/A          95%         1    ##.....
 Confusing Touch          Hex            #.....       95%         1    ##.....


Dungeon Overview and Level Annotations

Branches:
Dungeon (6/15)             Temple (1/1) D:4

Altars:
Cheibriados
Dithmenos
Elyvilon
Fedhas
Gozag
Hepliaklqana
Kikubaaqudgha
Makhleb
Nemelex Xobeh
Okawaru
Qazlal
Ru
Sif Muna
Trog
Uskayaw
Vehumet
Wu Jian
Xom
Yredelemnul
Zin
The Shining One


Innate Abilities, Weirdness & Mutations

You are resistant to torment.
Your stone body is resilient. (AC +6)
You are immune to poison.
You resist negative energy. (rN+)
You are resistant to electric shocks. (rElec)
You can survive without breathing.
You are immune to petrification.
You are immune to rotting.


Message History

Lightning courses through the orc warrior!
The orc warrior is almost dead.
You hit the hound. The hound bites you. The hound bites you but does no damage.
The orc warrior hits you with a scimitar!
You completely miss the orc warrior.
The orc warrior is almost dead.
You slash the hound! Lightning courses through the hound!
You kill the hound!
Okawaru accepts your kill.
You hit the orc warrior but do no damage.
The orc warrior is almost dead.
The orc priest calls down the wrath of Beogh upon you.
Beogh smites you! The orc warrior closely misses you.
You are too injured to fight recklessly!
The orc priest calls down the wrath of Beogh upon you.
Beogh smites you!
* * * LOW HITPOINT WARNING * * *
The orc priest invokes the aid of Beogh against you.
Beogh smites you!
You die...

...#............
.##.#.#÷.###.#.#
.##.#.#)## .#.#
.##.#.#.####.#.#
.##.#..........#
..........[..###
###.###.....######
##.###..........#
....>..(...####@#
...###.....# #.#
.#### #.....# #.#
. #.##### #o# #.#
#.# #.# ###.# #.#
#.o.# ###.# #.###
#...# #.#


You could see an orc warrior and an orc priest.

Vanquished Creatures
  Pikel (D:4)
  Grinder (D:3)
  Menkaure (D:4)
  Duvessa (D:4)
  A slave (D:4)
  2 ice beasts (D:5)
  A phantom (D:5)
  Dowan (D:4)
  3 wights (D:6)
  A howler monkey (D:5)
  3 crimson imps (D:5)
  Crazy Yiuf (D:4)
  An orc priest (D:3)
  2 hounds
  An orc wizard (D:3)
  2 iguanas
  Natasha (thrice) (D:3)
  11 worker ants
  A howler monkey skeleton (D:5)
  4 adders
  7 gnolls
  2 oozes
  4 worms
  3 dart slugs
  A leopard gecko (D:4)
  18 orcs
  3 ball pythons
  9 bats
  6 giant cockroaches
  8 goblins
  7 hobgoblins
  12 jackals
  10 kobolds
  5 quokkas
  6 frilled lizards
  A jackal skeleton (D:6)
  6 rats
150 creatures vanquished.

Vanquished Creatures (others)
  An ogre (D:4)
1 creature vanquished.

Grand Total: 151 creatures vanquished

Notes
Turn   | Place    | Note
-------+----------+-------------------------------------------
     0 | D:1      | Supahsalami the Gargoyle Fighter began the quest for the Orb.
     0 | D:1      | Reached XP level 1. HP: 14/14 MP: 1/1
   135 | D:1      | Reached XP level 2. HP: 18/19 MP: 2/2
   526 | D:1      | Reached XP level 3. HP: 20/23 MP: 3/3
   938 | D:1      | Reached skill level 4 in Armour
  1282 | D:1      | Reached XP level 4. HP: 19/28 MP: 4/4
  2091 | D:2      | Reached XP level 5. HP: 22/33 MP: 5/5
  2306 | D:3      | Noticed Grinder
  2742 | D:3      | Noticed Natasha
  2749 | D:3      | Killed Natasha
  2791 | D:3      | Found a snail-covered altar of Cheibriados.
  2919 | D:3      | Reached XP level 6. HP: 38/38 MP: 6/6
  2991 | D:3      | Paralysed by Grinder for 2 turns
  2999 | D:3      | Paralysed by Grinder for 4 turns
  3005 | D:3      | Killed Grinder
  3005 | D:3      | Reached skill level 5 in Armour
  3005 | D:3      | Reached XP level 7. HP: 39/44 MP: 7/7
  3345 | D:3      | Noticed Natasha
  3356 | D:3      | Killed Natasha
  3553 | D:3      | Found a snail-covered altar of Cheibriados.
  3641 | D:3      | Noticed Natasha
  3652 | D:3      | Killed Natasha
  3775 | D:4      | Found a runed door.
  3779 | D:4      | Noticed Crazy Yiuf
  3795 | D:4      | Killed Crazy Yiuf
  3929 | D:4      | Noticed Menkaure
  3935 | D:4      | Killed Menkaure
  3935 | D:4      | Reached skill level 5 in Maces & Flails
  3935 | D:4      | Reached skill level 6 in Armour
  4090 | D:4      | Noticed Pikel
  4224 | D:4      | Killed Pikel
  4224 | D:4      | Reached skill level 5 in Fighting
  4224 | D:4      | Reached skill level 7 in Armour
  4224 | D:4      | Reached skill level 5 in Shields
  4224 | D:4      | Reached XP level 8. HP: 38/49 MP: 8/8
  4446 | D:4      | Found a staircase to the Ecumenical Temple.
  4451 | Temple   | Entered the Ecumenical Temple
  4604 | Temple   | Became a worshipper of Warmaster Okawaru
  4742 | D:4      | Noticed Dowan
  4742 | D:4      | Noticed Duvessa
  4753 | D:4      | Killed Dowan
  4760 | D:4      | Killed Duvessa
  5033 | D:5      | Entered Level 5 of the Dungeon
  5365 | D:5      | Reached * piety under Okawaru
  5581 | D:5      | Reached XP level 9. HP: 54/55 MP: 9/9
  5714 | D:5      | Reached skill level 8 in Armour
  6093 | D:6      | Reached skill level 1 in Invocations
  6290 | D:6      | Killed from afar by an orc priest

Vault maps used:
D:1:      elethiomel_arrival_infinity_welcomes_careful_drivers,
          minmay_pentomino_z4
D:3:      kennysheep_slug_shrine, uniq_natasha, uniq_grinder
D:4:      minmay_temple_entry_nine_rooms, first_ration, uniq_menkaure,
          uniq_duvessa, uniq_pikel, uniq_crazy_yiuf_cottage
D:6:      grunt_dithmenos_shadows
Temple:   kilobyte_greek_temple

Skill      XL: |  1  2  3  4  5  6  7  8  9 |
---------------+----------------------------+-----
Armour         | 4 5 7 8 |  8.4
Maces & Flails | 3 4 5 6 7 |  7.3
Fighting       | 4 5 6 |  6.3
Shields        | 4 5 6 |  6.3
Invocations    | 1 |  1.0

Action                   |  1- 3 |  4- 6 |  7- 9 || total
-------------------------+-------+-------+-------++-------
Melee: Flail             |   173 |    85 |       ||   258
       Hand axe          |       |    76 |   255 ||   331
Throw: Javelin           |       |     3 |     1 ||     4
       Tomahawk          |       |     1 |       ||     1
  Use: Scroll            |       |       |     8 ||     8
  Eat: Chunk             |     2 |     5 |    11 ||    18
Armor: Scale mail        |   111 |    78 |   104 ||   293
Dodge: Dodged            |    68 |    51 |    67 ||   186
Block: Shield            |   115 |    76 |   110 ||   301

Table legend:
 A = Spawn XP
 B = Non-spawn XP
 C = Spawn XP percentage of total XP
 D = Spawn monster count
 E = Non-spawn monster count
 F = Spawn count percentage of total count
 G = Total turns spent on level
                    A         B        C        D         E        F      G
               +---------+---------+-------+---------+---------+-------+---------
         Total |       0 |    3224 |   0.0 |       0 |     150 |   0.0 |  6290
               +---------+---------+-------+---------+---------+-------+---------
           D:1 |       0 |      81 |   0.0 |       0 |      39 |   0.0 |  1295
           D:2 |       0 |      85 |   0.0 |       0 |      24 |   0.0 |  1030
           D:3 |       0 |     549 |   0.0 |       0 |      32 |   0.0 |  1405
           D:4 |       0 |    1203 |   0.0 |       0 |      12 |   0.0 |  1158
           D:5 |       0 |     957 |   0.0 |       0 |      32 |   0.0 |   913
           D:6 |       0 |     349 |   0.0 |       0 |      11 |   0.0 |   305
               +---------+---------+-------+---------+---------+-------+---------
